Blackhawks vs Sharks
Created - March 11, 2020 at 19:43
Goals
|
| Blackhawks |
1 |
0 |
1 |
2 |
| Sharks |
2 |
0 |
2 |
4 |
|
Shots
|
| Blackhawks |
11 |
11 |
7 |
29 |
| Sharks |
6 |
17 |
16 |
39 |
|
1st period
1. Sharks , Stefan Ruzicka 10 (T.J. Hensick 10, Dennis Wideman 9) at 1:22
2. Sharks , Mike Cammalleri 11 (Stefan Ruzicka 16, T.J. Hensick 11) at 8:10
3. Blackhawks , John Carlson 11 (Erik Christensen 15, Tomas Fleischmann 12) at 15:24
Penalties :
Bobby Butler (SJS) for Holding (Minor) at 13:09, Rick Nash (Chi) for Hooking (Minor) at 15:51, Dennis Wideman (SJS) for Roughing (Minor) at 17:39
2nd period
No Goal
Penalties :
Dennis Wideman (SJS) for Tripping (Minor) at 6:44, John Carlson (Chi) for High sticking (Minor) at 16:29
3rd period
4. Sharks , Martins Karsums 12 (Oskar Osala 9, Brandon Dubinsky 21) at 0:57
5. Sharks , T.J. Hensick 10 (Mike Cammalleri 15, Andrej Sekera 9) at 7:53 (PP)
6. Blackhawks , Chris Kreider 33 (Matthew Spiller 8) at 11:32 (PP)
Penalties :
Scott Gomez (Chi) for Cross-checking (Minor) at 7:39, Mike Cammalleri (SJS) for Roughing (Minor) at 11:02, Oskar Osala (SJS) for Slashing (Minor) at 12:43, Chris Kreider (Chi) for Hooking (Minor) at 16:29
Goalie Stats
Jimmy Howard (Chi), 35 saves from 39 shots - (0.897), L, 26-18-4, 60:00 minutes
Anders Nilsson (SJS), 27 saves from 29 shots - (0.931), W, 4-1-0, 60:00 minutes
Players Stats for Blackhawks
Player Name G A P +/- PIM S H SB GA TA FO MP PP MP PK MP
------------------------------------------------------------------------------------
Antoine Roussel 0 0 0 0 0 3 2 0 3 0 1/2 25:41 4:18 3:28
Brandon Yip 0 0 0 0 0 4 1 0 1 0 1/1 10:03 0:13 1:22
Chris Kreider 1 0 1 -1 2 1 0 0 0 0 1/1 16:59 3:57 0:47
Cody Hodgson 0 0 0 -1 0 1 0 1 1 0 3/11 13:03 2:33 0:00
David Jones 0 0 0 -1 0 0 1 0 0 0 0/0 7:01 0:00 0:00
Derick Brassard 0 0 0 0 0 1 1 2 0 0 23/46 25:44 4:18 3:28
Erik Christensen 0 1 1 0 0 2 2 0 0 0 3/6 10:50 0:54 0:00
Gabriel Bourque 0 0 0 -1 0 1 3 0 0 0 0/1 7:21 0:00 0:25
John Carlson 1 0 1 1 2 2 3 4 1 1 0/0 26:31 4:19 0:00
Justin Falk 0 0 0 -3 0 2 0 1 0 0 0/0 20:54 3:56 2:28
Kevin Marshall 0 0 0 0 0 1 0 1 1 0 0/0 13:00 0:00 3:32
Matthew Spiller 0 1 1 -3 0 1 2 0 0 0 0/0 20:54 3:56 2:28
Mike Green 0 0 0 1 0 6 1 2 0 1 0/0 30:23 4:19 3:32
Nathan Horton 0 0 0 -1 0 0 1 0 0 0 1/2 13:54 3:03 0:00
Rick Nash 0 0 0 0 2 4 1 0 1 1 0/0 22:44 4:18 1:00
Scott Gomez 0 0 0 -1 2 0 1 0 1 0 4/5 8:32 0:00 1:30
Seth Jones 0 0 0 0 0 0 0 1 0 1 0/0 8:43 0:00 0:00
Tomas Fleischmann 0 1 1 0 0 0 0 1 0 0 2/2 11:28 1:11 0:00
Players Stats for Sharks
Player Name G A P +/- PIM S H SB GA TA FO MP PP MP PK MP
------------------------------------------------------------------------------------
Adam Larsson 0 0 0 0 0 0 0 0 0 0 0/0 9:36 0:00 0:00
Andrej Sekera 0 1 1 3 0 0 1 0 0 2 0/0 20:27 2:16 4:03
Ben Lovejoy 0 0 0 -1 0 0 0 1 3 0 0/0 26:29 3:44 4:12
Bobby Butler 0 0 0 0 2 1 0 0 0 2 0/1 18:35 3:22 0:00
Brandon Dubinsky 0 1 1 0 0 4 3 0 0 0 3/6 11:57 0:00 0:12
Cameron Schilling 0 0 0 0 0 0 0 0 0 0 0/0 3:28 0:00 0:00
David Rundblad 0 0 0 0 0 0 0 0 0 1 0/0 11:14 0:00 1:38
Dennis Wideman 0 1 1 3 4 0 2 2 0 1 0/0 19:12 2:15 2:25
Drew Doughty 0 0 0 -1 0 7 0 1 0 2 0/0 29:57 3:44 4:12
Jason Spezza 0 0 0 0 0 7 2 1 0 0 25/48 26:08 3:22 4:41
Martins Karsums 1 0 1 0 0 1 0 0 0 0 0/0 11:57 0:00 0:00
Mike Cammalleri 1 1 2 2 2 5 4 0 0 0 0/0 19:48 2:38 2:36
Milan Michalek 0 0 0 0 0 4 2 0 1 0 1/1 26:00 3:22 4:31
Nikolai Kulemin 0 0 0 0 0 0 0 0 0 0 0/0 1:49 0:00 0:00
Oskar Osala 0 1 1 0 2 4 1 0 0 0 1/2 14:25 0:00 2:17
Stefan Ruzicka 1 1 2 2 0 3 2 0 0 0 1/1 17:24 2:38 0:00
T.J. Hensick 1 2 3 2 0 3 3 1 0 1 7/15 17:24 2:38 0:00
Zach Boychuk 0 0 0 0 0 0 0 0 0 0 0/3 5:39 0:00 2:13
3 Stars
1 - T.J. Hensick (SJS)
2 - Stefan Ruzicka (SJS)
3 - Mike Cammalleri (SJS)
Power Play
Blackhawks - 1 on 5 Attempt(s) - 20.00%
Sharks - 1 on 4 Attempt(s) - 25.00%
Penalty Kill
Blackhawks - 3 on 4 Attempt(s) - 75.00%
- Score 0 goal in Penalty Kill
Sharks - 4 on 5 Attempt(s) - 80.00%
- Score 0 goal in Penalty Kill
Team Stat
Blackhawks - Hits : 19 - Faceoff Wins : 39 - Blocked Shots : 13 - Penalty Minutes : 8
Sharks - Hits : 20 - Faceoff Wins : 38 - Blocked Shots : 6 - Penalty Minutes : 10
Official
Referees : Unknown
Linesman : Unknown
Game Notes
Cody Hodgson is injured at 8:58 of 3rd period (Left Leg)
Nathan Horton is injured at 11:34 of 3rd period (Left Leg)
Finance
Level 1 -- Attendance: 5020 (83.67%) -- Ticket Income $577,300
Level 2 -- Attendance: 3727 (74.54%) -- Ticket Income $279,525
Level 3 -- Attendance: 1274 (63.70%) -- Ticket Income $63,700
Level 4 -- Attendance: 3259 (81.48%) -- Ticket Income $97,770
Luxury Box -- Attendance: 781 (78.10%) -- Ticket Income $164,010
Game was played at the Hockey Place Center.
Total Attendance: 14061 (78.12%)
Total Ticket Income: $1,182,305
Other Income: $177,346
Total Income: $1,359,651
Blackhawks
5 vs 5 Forward
Center Left Wing Right Wing Time % Phy DF OF
1 Derick Brassard Antoine Roussel Rick Nash 40 1 2 2
2 Cody Hodgson Chris Kreider Nathan Horton 30 1 2 2
3 Erik Christensen Tomas Fleischmann Brandon Yip 20 1 2 2
4 Scott Gomez Gabriel Bourque David Jones 10 1 2 2
5 vs 5 Defense
Defense Defense Time % Phy DF OF
1 Mike Green John Carlson 40 1 2 2
2 Matthew Spiller Justin Falk 30 1 2 2
3 Seth Jones Kevin Marshall 20 1 2 2
4 Mike Green John Carlson 10 1 2 2
PowerPlay Forward
Center Left Wing Right Wing Time % Phy DF OF
1 Derick Brassard Antoine Roussel Rick Nash 60 1 2 2
2 Cody Hodgson Chris Kreider Nathan Horton 40 1 2 2
PowerPlay Defense
Defense Defense Time % Phy DF OF
1 Mike Green John Carlson 60 1 2 2
2 Matthew Spiller Justin Falk 40 1 2 2
Penalty Kill 4 Players Forward
Center Wing Time % Phy DF OF
1 Derick Brassard Antoine Roussel 60 1 2 2
2 Scott Gomez Rick Nash 40 1 2 2
Penalty Kill 4 Players Defense
Defense Defense Time % Phy DF OF
1 Mike Green Kevin Marshall 60 1 2 2
2 Matthew Spiller Justin Falk 40 1 2 2
Penalty Kill - 3 Players Forward
Forward Time % Phy DF OF
1 Derick Brassard 60 1 2 2
2 Scott Gomez 40 1 2 2
Penalty Kill - 3 Players Defense
Defense Defense Time % Phy DF OF
1 Mike Green Kevin Marshall 60 1 2 2
2 Matthew Spiller Justin Falk 40 1 2 2
4 vs 4 Forward
Center Wing Time % Phy DF OF
1 Derick Brassard Antoine Roussel 60 1 2 2
2 Chris Kreider Rick Nash 40 1 2 2
4 vs 4 Defense
Defense Defense Time % Phy DF OF
1 Mike Green John Carlson 60 1 2 2
2 Matthew Spiller Justin Falk 40 1 2 2
Last Minutes Offensive
Center Left Wing Right Wing Defense Defense
Derick Brassard Antoine Roussel Rick Nash Mike Green John Carlson
Last Minutes Defensive
Center Left Wing Right Wing Defense Defense
Derick Brassard Antoine Roussel Rick Nash Mike Green John Carlson
Goaltenders
Starting : Jimmy Howard
Backup : Ray Emery
Extra Forwards
Normal : Tomas Fleischmann, Erik Christensen, Brandon Yip - PP : Tomas Fleischmann, Erik Christensen - PK : Brandon Yip
Extra Defensemen
Normal : Seth Jones, Kevin Marshall, Matthew Spiller - PP : Seth Jones - PK : Kevin Marshall, Matthew Spiller
Penalty Shots
Derick Brassard, Antoine Roussel, Chris Kreider, Rick Nash, Cody Hodgson
Scratches
None
Sharks
5 vs 5 Forward
Center Left Wing Right Wing Time % Phy DF OF
1 Jason Spezza Milan Michalek Bobby Butler 40 1 2 2
2 T.J. Hensick Mike Cammalleri Stefan Ruzicka 30 1 2 2
3 Brandon Dubinsky Oskar Osala Martins Karsums 20 1 2 2
4 Jason Spezza Zach Boychuk Milan Michalek 10 1 2 2
5 vs 5 Defense
Defense Defense Time % Phy DF OF
1 Drew Doughty Ben Lovejoy 40 1 2 2
2 Dennis Wideman Andrej Sekera 30 1 2 2
3 Adam Larsson David Rundblad 20 1 2 2
4 Cameron Schilling Drew Doughty 10 1 2 2
PowerPlay Forward
Center Left Wing Right Wing Time % Phy DF OF
1 Jason Spezza Milan Michalek Bobby Butler 60 1 2 2
2 T.J. Hensick Mike Cammalleri Stefan Ruzicka 40 1 2 2
PowerPlay Defense
Defense Defense Time % Phy DF OF
1 Drew Doughty Ben Lovejoy 60 1 2 2
2 Dennis Wideman Andrej Sekera 40 1 2 2
Penalty Kill 4 Players Forward
Center Wing Time % Phy DF OF
1 Jason Spezza Milan Michalek 60 1 2 2
2 Mike Cammalleri Oskar Osala 40 1 2 2
Penalty Kill 4 Players Defense
Defense Defense Time % Phy DF OF
1 Drew Doughty Ben Lovejoy 60 1 2 2
2 Dennis Wideman Andrej Sekera 40 1 2 2
Penalty Kill - 3 Players Forward
Forward Time % Phy DF OF
1 Jason Spezza 60 1 2 2
2 Milan Michalek 40 1 2 2
Penalty Kill - 3 Players Defense
Defense Defense Time % Phy DF OF
1 Drew Doughty Ben Lovejoy 60 1 2 2
2 Dennis Wideman Andrej Sekera 40 1 2 2
4 vs 4 Forward
Center Wing Time % Phy DF OF
1 Jason Spezza Milan Michalek 60 1 2 2
2 Mike Cammalleri Oskar Osala 40 1 2 2
4 vs 4 Defense
Defense Defense Time % Phy DF OF
1 Drew Doughty Ben Lovejoy 60 1 2 2
2 Dennis Wideman Andrej Sekera 40 1 2 2
Last Minutes Offensive
Center Left Wing Right Wing Defense Defense
Jason Spezza Milan Michalek Bobby Butler Drew Doughty Ben Lovejoy
Last Minutes Defensive
Center Left Wing Right Wing Defense Defense
Jason Spezza Milan Michalek Bobby Butler Drew Doughty Ben Lovejoy
Goaltenders
Starting : Anders Nilsson
Backup : Ryan Miller
Extra Forwards
Normal : Nikolai Kulemin, Brandon Dubinsky, Zach Boychuk - PP : Nikolai Kulemin, Brandon Dubinsky - PK : Zach Boychuk
Extra Defensemen
Normal : Adam Larsson, David Rundblad, Cameron Schilling - PP : Adam Larsson - PK : David Rundblad, Cameron Schilling
Penalty Shots
Jason Spezza, Milan Michalek, Mike Cammalleri, Oskar Osala, T.J. Hensick
Scratches
Luke Adam (Healthy), Jiri Tlusty (Healthy)
% Time on Ice - Blackhawks
Lines # - Real PCT - Wanted PCT - Time Play
Normal Forward
1 - 40% - 40% - 18:02
2 - 27% - 30% - 12:16
3 - 18% - 20% - 8:20
4 - 15% - 10% - 6:56
Normal Defense
1 - 42% - 40% - 19:15
2 - 32% - 30% - 14:30
3 - 19% - 20% - 8:43
4 - 7% - 10% - 3:06
PP Forward
1 - 52% - 60% - 4:18
2 - 48% - 40% - 3:57
PP Defense
1 - 52% - 60% - 4:19
2 - 48% - 40% - 3:56
PK Forward
1 - 75% - 60% - 4:30
2 - 25% - 40% - 1:30
PK Defense
1 - 59% - 60% - 3:32
2 - 41% - 40% - 2:28
PK3 Forward
1 - 0% - 60%
2 - 0% - 40%
PK3 Defense
1 - 0% - 60%
2 - 0% - 40%
44 Forward
1 - 100% - 60% - 0:11
2 - 0% - 40% - 0:00
44 Defense
1 - 100% - 60% - 0:11
2 - 0% - 40% - 0:00
Last Minute Offensive - 0:00
Last Minute Defensive - 0:00
Total
Forward - 60:00
Defense - 60:00
|
% Time on Ice - Sharks
Lines # - Real PCT - Wanted PCT - Time Play
Normal Forward
1 - 34% - 40% - 15:38
2 - 33% - 30% - 15:11
3 - 26% - 20% - 11:38
4 - 7% - 10% - 3:07
Normal Defense
1 - 40% - 40% - 18:22
2 - 31% - 30% - 14:08
3 - 21% - 20% - 9:36
4 - 8% - 10% - 3:28
PP Forward
1 - 56% - 60% - 3:22
2 - 44% - 40% - 2:38
PP Defense
1 - 62% - 60% - 3:44
2 - 38% - 40% - 2:16
PK Forward
1 - 66% - 60% - 5:27
2 - 34% - 40% - 2:48
PK Defense
1 - 51% - 60% - 4:12
2 - 49% - 40% - 4:03
PK3 Forward
1 - 0% - 60%
2 - 0% - 40%
PK3 Defense
1 - 0% - 60%
2 - 0% - 40%
44 Forward
1 - 100% - 60% - 0:11
2 - 0% - 40% - 0:00
44 Defense
1 - 100% - 60% - 0:11
2 - 0% - 40% - 0:00
Last Minute Offensive - 0:00
Last Minute Defensive - 0:00
Total
Forward - 60:00
Defense - 60:00
|
Play-by-Play
1st period
0:01 of 1st period - Derick Brassard wins face-off versus Jason Spezza in neutral zone.
0:26 of 1st period - John Carlson is hit by Mike Cammalleri and loses puck.
0:43 of 1st period - Stefan Ruzicka is hit by Mike Green and loses puck.
0:52 of 1st period - Cody Hodgson is hit by T.J. Hensick.
1:22 of 1st period - Slapshot by Stefan Ruzicka.
1:22 of 1st period - Goal by Stefan Ruzicka - Blackhawks : 0 - Sharks : 1.
1:23 of 1st period - Erik Christensen wins face-off versus Brandon Dubinsky in neutral zone.
1:48 of 1st period - Antoine Roussel is hit by Milan Michalek and loses puck.
1:53 of 1st period - Slapshot by Drew Doughty.
1:53 of 1st period - Shot Blocked by Seth Jones.
2:11 of 1st period - Ben Lovejoy is hit by Gabriel Bourque and loses puck.
2:38 of 1st period - Wrist shot by Cody Hodgson.
2:38 of 1st period - Shot Misses the Net.
2:40 of 1st period - Slapshot by Kevin Marshall.
2:40 of 1st period - Stopped by Anders Nilsson with a rebound.
2:42 of 1st period - Slapshot by Kevin Marshall.
2:42 of 1st period - Shot Misses the Net.
2:44 of 1st period - Snap shot by Nathan Horton.
2:44 of 1st period - Shot Misses the Net.
3:59 of 1st period - Slapshot by Mike Cammalleri.
3:59 of 1st period - Stopped by Jimmy Howard without a rebound.
4:00 of 1st period - Derick Brassard wins face-off versus T.J. Hensick in Blackhawks zone.
4:00 of 1st period - Derick Brassard is hit by T.J. Hensick.
4:05 of 1st period - Off-side.
4:06 of 1st period - Jason Spezza wins face-off versus Derick Brassard in neutral zone.
4:21 of 1st period - Snap shot by Rick Nash.
4:21 of 1st period - Shot Misses the Net.
4:37 of 1st period - Snap shot by Erik Christensen.
4:37 of 1st period - Stopped by Anders Nilsson without a rebound.
4:38 of 1st period - Jason Spezza wins face-off versus Erik Christensen in Sharks zone.
5:46 of 1st period - Snap shot by Jason Spezza.
5:46 of 1st period - Shot Misses the Net.
6:27 of 1st period - Oskar Osala is hit by John Carlson and loses puck.
6:54 of 1st period - Slapshot by Erik Christensen.
6:54 of 1st period - Shot Blocked by Dennis Wideman.
7:19 of 1st period - Slapshot by Mike Green.
7:19 of 1st period - Stopped by Anders Nilsson without a rebound.
7:20 of 1st period - Cody Hodgson wins face-off versus T.J. Hensick in Sharks zone.
7:45 of 1st period - Mike Cammalleri is hit by Matthew Spiller and loses puck.
7:54 of 1st period - Snap shot by T.J. Hensick.
7:54 of 1st period - Stopped by Jimmy Howard with a rebound.
8:08 of 1st period - Snap shot by Stefan Ruzicka.
8:08 of 1st period - Shot Misses the Net.
8:10 of 1st period - Slapshot by Mike Cammalleri.
8:10 of 1st period - Goal by Mike Cammalleri - Blackhawks : 0 - Sharks : 2.
8:11 of 1st period - Derick Brassard wins face-off versus Jason Spezza in neutral zone.
8:26 of 1st period - Snap shot by Drew Doughty.
8:26 of 1st period - Stopped by Jimmy Howard with a rebound.
8:58 of 1st period - Stefan Ruzicka is hit by Gabriel Bourque and loses puck.
9:04 of 1st period - Icing by Andrej Sekera.
9:05 of 1st period - T.J. Hensick wins face-off versus Scott Gomez in Sharks zone.
9:14 of 1st period - Wrist shot by Stefan Ruzicka.
9:14 of 1st period - Shot Misses the Net.
9:24 of 1st period - Andrej Sekera is hit by David Jones and loses puck.
9:56 of 1st period - Off-side.
9:57 of 1st period - Jason Spezza wins face-off versus Derick Brassard in neutral zone.
10:24 of 1st period - Snap shot by Mike Green.
10:24 of 1st period - Stopped by Anders Nilsson with a rebound.
10:32 of 1st period - Nathan Horton is hit by Brandon Dubinsky and loses puck.
10:51 of 1st period - Snap shot by Erik Christensen.
10:51 of 1st period - Stopped by Anders Nilsson with a rebound.
10:53 of 1st period - Snap shot by John Carlson.
10:53 of 1st period - Deflect By Erik Christensen.
10:53 of 1st period - Deflect By Jason Spezza.
10:53 of 1st period - Shot Misses the Net.
10:53 of 1st period - Puck is out of play.
10:54 of 1st period - Jason Spezza wins face-off versus Derick Brassard in Sharks zone.
11:23 of 1st period - Chris Kreider is hit by Brandon Dubinsky and loses puck.
12:03 of 1st period - Bobby Butler is hit by Gabriel Bourque and loses puck.
12:25 of 1st period - Off-side.
12:26 of 1st period - Derick Brassard wins face-off versus Brandon Dubinsky in neutral zone.
12:51 of 1st period - Antoine Roussel is hit by Dennis Wideman and loses puck.
13:02 of 1st period - Snap shot by Rick Nash.
13:02 of 1st period - Shot Misses the Net.
13:04 of 1st period - Snap shot by Antoine Roussel.
13:04 of 1st period - Stopped by Anders Nilsson with a rebound.
13:06 of 1st period - Snap shot by Rick Nash.
13:06 of 1st period - Stopped by Anders Nilsson without a rebound.
13:07 of 1st period - Jason Spezza wins face-off versus Cody Hodgson in Sharks zone.
13:09 of 1st period - Minor Penalty to Bobby Butler for Holding.
13:10 of 1st period - Derick Brassard wins face-off versus Jason Spezza in Sharks zone.
13:26 of 1st period - Wrist shot by Rick Nash.
13:26 of 1st period - Stopped by Anders Nilsson without a rebound.
13:27 of 1st period - Derick Brassard wins face-off versus Jason Spezza in Sharks zone.
14:50 of 1st period - John Carlson is hit by Dennis Wideman and loses puck.
15:04 of 1st period - Icing by Mike Green.
15:05 of 1st period - Derick Brassard wins face-off versus Zach Boychuk in Blackhawks zone.
15:09 of 1st period - Penalty to Bobby Butler is over, Bobby Butler is back on ice.
15:24 of 1st period - Slapshot by John Carlson.
15:24 of 1st period - Goal by John Carlson - Blackhawks : 1 - Sharks : 2.
15:25 of 1st period - Derick Brassard wins face-off versus Jason Spezza in neutral zone.
15:27 of 1st period - Off-side.
15:28 of 1st period - Derick Brassard wins face-off versus Jason Spezza in neutral zone.
15:43 of 1st period - Slapshot by Drew Doughty.
15:43 of 1st period - Stopped by Jimmy Howard with a rebound.
15:51 of 1st period - Minor Penalty to Rick Nash for Hooking.
15:52 of 1st period - Derick Brassard wins face-off versus Bobby Butler in Blackhawks zone.
16:08 of 1st period - Wrist shot by Mike Green.
16:08 of 1st period - Shot Misses the Net.
17:32 of 1st period - Wrist shot by Brandon Yip.
17:32 of 1st period - Stopped by Anders Nilsson without a rebound.
17:33 of 1st period - Scott Gomez wins face-off versus T.J. Hensick in Sharks zone.
17:36 of 1st period - Slapshot by Brandon Yip.
17:36 of 1st period - Stopped by Anders Nilsson without a rebound.
17:37 of 1st period - Jason Spezza wins face-off versus Derick Brassard in Sharks zone.
17:39 of 1st period - Minor Penalty to Dennis Wideman for Roughing.
17:40 of 1st period - Jason Spezza wins face-off versus Derick Brassard in Sharks zone.
17:46 of 1st period - Backhand shot by Ben Lovejoy.
17:46 of 1st period - Shot Blocked by John Carlson.
17:51 of 1st period - Penalty to Rick Nash is over, Rick Nash is back on ice.
18:43 of 1st period - Snap shot by Rick Nash.
18:43 of 1st period - Deflect By Jason Spezza.
18:43 of 1st period - Shot Misses the Net.
18:43 of 1st period - Puck is out of play.
18:44 of 1st period - Jason Spezza wins face-off versus Cody Hodgson in Sharks zone.
18:59 of 1st period - Wrist shot by Mike Cammalleri.
18:59 of 1st period - Shot Misses the Net.
19:39 of 1st period - Penalty to Dennis Wideman is over, Dennis Wideman is back on ice.
19:39 of 1st period - Snap shot by Oskar Osala.
19:39 of 1st period - Shot Misses the Net.
19:42 of 1st period - Icing by Matthew Spiller.
19:43 of 1st period - Cody Hodgson wins face-off versus T.J. Hensick in Blackhawks zone.
19:43 of 1st period - Cody Hodgson is hit by Stefan Ruzicka.
Goals for this period are 1 for Blackhawks vs 2 for Sharks.
Shots for this period are 11 for Blackhawks vs 6 for Sharks.
2nd period
0:01 of 2nd period - Derick Brassard wins face-off versus Jason Spezza in neutral zone.
0:16 of 2nd period - Snap shot by Jason Spezza.
0:16 of 2nd period - Stopped by Jimmy Howard without a rebound.
0:17 of 2nd period - T.J. Hensick wins face-off versus Cody Hodgson in Blackhawks zone.
0:20 of 2nd period - Slapshot by Stefan Ruzicka.
0:20 of 2nd period - Shot Misses the Net.
0:22 of 2nd period - Snap shot by Mike Cammalleri.
0:22 of 2nd period - Shot Blocked by Cody Hodgson.
0:24 of 2nd period - Snap shot by Mike Cammalleri.
0:24 of 2nd period - Shot Blocked by John Carlson.
0:26 of 2nd period - Wrist shot by Mike Cammalleri.
0:26 of 2nd period - Stopped by Jimmy Howard with a rebound.
0:28 of 2nd period - Snap shot by T.J. Hensick.
0:28 of 2nd period - Shot Misses the Net.
0:30 of 2nd period - Wrist shot by Mike Cammalleri.
0:30 of 2nd period - Stopped by Jimmy Howard without a rebound.
0:31 of 2nd period - Jason Spezza wins face-off versus Derick Brassard in Blackhawks zone.
0:32 of 2nd period - Snap shot by Milan Michalek.
0:32 of 2nd period - Shot Blocked by John Carlson.
0:38 of 2nd period - Slapshot by Mike Green.
0:38 of 2nd period - Stopped by Anders Nilsson without a rebound.
0:39 of 2nd period - Jason Spezza wins face-off versus Derick Brassard in Sharks zone.
0:48 of 2nd period - Wrist shot by Jason Spezza.
0:48 of 2nd period - Stopped by Jimmy Howard with a rebound.
0:58 of 2nd period - Slapshot by Drew Doughty.
0:58 of 2nd period - Shot Blocked by Derick Brassard.
1:14 of 2nd period - Slapshot by Mike Green.
1:14 of 2nd period - Deflect By Rick Nash.
1:14 of 2nd period - Shot Misses the Net.
1:14 of 2nd period - Puck is out of play.
1:15 of 2nd period - T.J. Hensick wins face-off versus Cody Hodgson in Sharks zone.
1:20 of 2nd period - Matthew Spiller is hit by Mike Cammalleri.
2:03 of 2nd period - Off-side.
2:04 of 2nd period - Jason Spezza wins face-off versus Erik Christensen in neutral zone.
2:19 of 2nd period - Wrist shot by Erik Christensen.
2:19 of 2nd period - Shot Misses the Net.
2:29 of 2nd period - Ben Lovejoy is hit by Antoine Roussel and loses puck.
2:38 of 2nd period - Snap shot by Antoine Roussel.
2:38 of 2nd period - Deflect By Derick Brassard.
2:38 of 2nd period - Shot Misses the Net.
2:38 of 2nd period - Puck is out of play.
2:39 of 2nd period - Jason Spezza wins face-off versus Cody Hodgson in Sharks zone.
3:04 of 2nd period - Brandon Dubinsky is hit by Matthew Spiller.
3:45 of 2nd period - Snap shot by Milan Michalek.
3:45 of 2nd period - Stopped by Jimmy Howard with a rebound.
3:47 of 2nd period - Wrist shot by Jason Spezza.
3:47 of 2nd period - Stopped by Jimmy Howard without a rebound.
3:48 of 2nd period - Derick Brassard wins face-off versus Zach Boychuk in Blackhawks zone.
4:03 of 2nd period - Slapshot by Drew Doughty.
4:03 of 2nd period - Stopped by Jimmy Howard with a rebound.
4:13 of 2nd period - Rick Nash is hit by Brandon Dubinsky.
4:53 of 2nd period - Icing by T.J. Hensick.
4:54 of 2nd period - Erik Christensen wins face-off versus Jason Spezza in Sharks zone.
5:45 of 2nd period - Wrist shot by Brandon Yip.
5:45 of 2nd period - Stopped by Anders Nilsson without a rebound.
5:46 of 2nd period - Stefan Ruzicka wins face-off versus Derick Brassard in Sharks zone.
5:59 of 2nd period - Snap shot by Rick Nash.
5:59 of 2nd period - Stopped by Anders Nilsson without a rebound.
6:00 of 2nd period - Brandon Dubinsky wins face-off versus Derick Brassard in Sharks zone.
6:38 of 2nd period - Slapshot by Chris Kreider.
6:38 of 2nd period - Shot Blocked by T.J. Hensick.
6:44 of 2nd period - Minor Penalty to Dennis Wideman for Tripping.
6:45 of 2nd period - Derick Brassard wins face-off versus Jason Spezza in Sharks zone.
6:46 of 2nd period - Slapshot by John Carlson.
6:46 of 2nd period - Shot Misses the Net.
6:48 of 2nd period - Wrist shot by Antoine Roussel.
6:48 of 2nd period - Shot Misses the Net.
6:50 of 2nd period - Slapshot by John Carlson.
6:50 of 2nd period - Stopped by Anders Nilsson without a rebound.
6:51 of 2nd period - Antoine Roussel wins face-off versus Jason Spezza in Sharks zone.
6:56 of 2nd period - Backhand shot by Antoine Roussel.
6:56 of 2nd period - Stopped by Anders Nilsson without a rebound.
6:57 of 2nd period - Jason Spezza wins face-off versus Derick Brassard in Sharks zone.
7:28 of 2nd period - Chris Kreider is hit by Oskar Osala and loses puck.
8:44 of 2nd period - Penalty to Dennis Wideman is over, Dennis Wideman is back on ice.
8:57 of 2nd period - Mike Cammalleri is hit by Erik Christensen and loses puck.
9:07 of 2nd period - Icing by Dennis Wideman.
9:08 of 2nd period - Scott Gomez wins face-off versus T.J. Hensick in Sharks zone.
9:13 of 2nd period - Wrist shot by David Jones.
9:13 of 2nd period - Deflect By Scott Gomez.
9:13 of 2nd period - Shot Misses the Net.
9:13 of 2nd period - Puck is out of play.
9:14 of 2nd period - T.J. Hensick wins face-off versus Gabriel Bourque in Sharks zone.
9:14 of 2nd period - T.J. Hensick is hit by John Carlson.
9:40 of 2nd period - Slapshot by John Carlson.
9:40 of 2nd period - Shot Misses the Net.
9:42 of 2nd period - Wrist shot by Mike Green.
9:42 of 2nd period - Stopped by Anders Nilsson without a rebound.
9:43 of 2nd period - Jason Spezza wins face-off versus Derick Brassard in Sharks zone.
10:55 of 2nd period - Snap shot by Mike Green.
10:55 of 2nd period - Stopped by Anders Nilsson with a rebound.
10:57 of 2nd period - Slapshot by Mike Green.
10:57 of 2nd period - Shot Misses the Net.
11:05 of 2nd period - Snap shot by Gabriel Bourque.
11:05 of 2nd period - Shot Blocked by Ben Lovejoy.
11:34 of 2nd period - Icing by Drew Doughty.
11:35 of 2nd period - T.J. Hensick wins face-off versus Derick Brassard in Sharks zone.
11:44 of 2nd period - Snap shot by Antoine Roussel.
11:44 of 2nd period - Stopped by Anders Nilsson without a rebound.
11:45 of 2nd period - Jason Spezza wins face-off versus Derick Brassard in Sharks zone.
12:21 of 2nd period - Slapshot by Nathan Horton.
12:21 of 2nd period - Shot Misses the Net.
12:44 of 2nd period - Snap shot by T.J. Hensick.
12:44 of 2nd period - Shot Misses the Net.
12:54 of 2nd period - Ben Lovejoy is hit by Rick Nash and loses puck.
13:13 of 2nd period - Slapshot by Derick Brassard.
13:13 of 2nd period - Stopped by Anders Nilsson with a rebound.
13:15 of 2nd period - Slapshot by Cody Hodgson.
13:15 of 2nd period - Stopped by Anders Nilsson without a rebound.
13:16 of 2nd period - Brandon Dubinsky wins face-off versus Cody Hodgson in Sharks zone.
13:33 of 2nd period - Snap shot by Brandon Dubinsky.
13:33 of 2nd period - Stopped by Jimmy Howard without a rebound.
13:34 of 2nd period - Jason Spezza wins face-off versus Derick Brassard in Blackhawks zone.
13:35 of 2nd period - Slapshot by Drew Doughty.
13:35 of 2nd period - Stopped by Jimmy Howard with a rebound.
13:37 of 2nd period - Wrist shot by Jason Spezza.
13:37 of 2nd period - Shot Misses the Net.
13:47 of 2nd period - Wrist shot by Jason Spezza.
13:47 of 2nd period - Stopped by Jimmy Howard with a rebound.
13:49 of 2nd period - Snap shot by Ben Lovejoy.
13:49 of 2nd period - Shot Misses the Net.
13:51 of 2nd period - Slapshot by Milan Michalek.
13:51 of 2nd period - Stopped by Jimmy Howard without a rebound.
13:52 of 2nd period - T.J. Hensick wins face-off versus Cody Hodgson in Blackhawks zone.
13:55 of 2nd period - Wrist shot by T.J. Hensick.
13:55 of 2nd period - Stopped by Jimmy Howard with a rebound.
13:57 of 2nd period - Snap shot by T.J. Hensick.
13:57 of 2nd period - Shot Misses the Net.
14:01 of 2nd period - Wrist shot by T.J. Hensick.
14:01 of 2nd period - Shot Misses the Net.
14:05 of 2nd period - Snap shot by Stefan Ruzicka.
14:05 of 2nd period - Stopped by Jimmy Howard without a rebound.
14:06 of 2nd period - Derick Brassard wins face-off versus Jason Spezza in Blackhawks zone.
14:17 of 2nd period - Wrist shot by Derick Brassard.
14:17 of 2nd period - Shot Blocked by Jason Spezza.
14:19 of 2nd period - Slapshot by Mike Green.
14:19 of 2nd period - Stopped by Anders Nilsson without a rebound.
14:20 of 2nd period - Jason Spezza wins face-off versus Antoine Roussel in Sharks zone.
15:15 of 2nd period - Wrist shot by Brandon Dubinsky.
15:15 of 2nd period - Stopped by Jimmy Howard with a rebound.
15:18 of 2nd period - Icing by Tomas Fleischmann.
15:19 of 2nd period - Erik Christensen wins face-off versus Jason Spezza in Blackhawks zone.
15:36 of 2nd period - Snap shot by Jason Spezza.
15:36 of 2nd period - Shot Blocked by Tomas Fleischmann.
15:54 of 2nd period - Snap shot by Stefan Ruzicka.
15:54 of 2nd period - Stopped by Jimmy Howard without a rebound.
15:55 of 2nd period - Jason Spezza wins face-off versus Derick Brassard in Blackhawks zone.
16:04 of 2nd period - Snap shot by Milan Michalek.
16:04 of 2nd period - Shot Misses the Net.
16:27 of 2nd period - Wrist shot by Mike Cammalleri.
16:27 of 2nd period - Shot Misses the Net.
16:29 of 2nd period - Minor Penalty to John Carlson for High sticking.
16:30 of 2nd period - Derick Brassard wins face-off versus Jason Spezza in Blackhawks zone.
16:38 of 2nd period - Off-side.
16:39 of 2nd period - Derick Brassard wins face-off versus Jason Spezza in neutral zone.
16:46 of 2nd period - Slapshot by Drew Doughty.
16:46 of 2nd period - Shot Misses the Net.
16:48 of 2nd period - Slapshot by Ben Lovejoy.
16:48 of 2nd period - Shot Blocked by Mike Green.
16:50 of 2nd period - Snap shot by Milan Michalek.
16:50 of 2nd period - Deflect By Bobby Butler.
16:50 of 2nd period - Stopped by Jimmy Howard with a rebound.
16:52 of 2nd period - Slapshot by Milan Michalek.
16:52 of 2nd period - Shot Misses the Net.
16:54 of 2nd period - Slapshot by Ben Lovejoy.
16:54 of 2nd period - Shot Blocked by Kevin Marshall.
16:56 of 2nd period - Slapshot by Drew Doughty.
16:56 of 2nd period - Stopped by Jimmy Howard with a rebound.
16:58 of 2nd period - Snap shot by Milan Michalek.
16:58 of 2nd period - Shot Misses the Net.
17:00 of 2nd period - Snap shot by Jason Spezza.
17:00 of 2nd period - Shot Misses the Net.
17:02 of 2nd period - Slapshot by Milan Michalek.
17:02 of 2nd period - Shot Misses the Net.
17:04 of 2nd period - Slapshot by Drew Doughty.
17:04 of 2nd period - Shot Blocked by Mike Green.
17:06 of 2nd period - Wrist shot by Milan Michalek.
17:06 of 2nd period - Shot Blocked by Derick Brassard.
17:08 of 2nd period - Wrist shot by Bobby Butler.
17:08 of 2nd period - Shot Misses the Net.
17:10 of 2nd period - Snap shot by Ben Lovejoy.
17:10 of 2nd period - Shot Misses the Net.
17:12 of 2nd period - Slapshot by Drew Doughty.
17:12 of 2nd period - Shot Misses the Net.
17:14 of 2nd period - Snap shot by Ben Lovejoy.
17:14 of 2nd period - Deflect By Bobby Butler.
17:14 of 2nd period - Shot Misses the Net.
17:14 of 2nd period - Puck is out of play.
17:15 of 2nd period - Derick Brassard wins face-off versus T.J. Hensick in Blackhawks zone.
18:29 of 2nd period - Penalty to John Carlson is over, John Carlson is back on ice.
19:20 of 2nd period - Stefan Ruzicka is hit by Brandon Yip and loses puck.
Goals for this period are 0 for Blackhawks vs 0 for Sharks.
Shots for this period are 11 for Blackhawks vs 17 for Sharks.
3rd period
0:01 of 3rd period - Derick Brassard wins face-off versus Jason Spezza in neutral zone.
0:04 of 3rd period - Drew Doughty is hit by Antoine Roussel and loses puck.
0:27 of 3rd period - Stefan Ruzicka is hit by Nathan Horton and loses puck.
0:46 of 3rd period - Off-side.
0:47 of 3rd period - Scott Gomez wins face-off versus Oskar Osala in neutral zone.
0:57 of 3rd period - Slapshot by Martins Karsums.
0:57 of 3rd period - Goal by Martins Karsums - Blackhawks : 1 - Sharks : 3.
0:58 of 3rd period - Derick Brassard wins face-off versus Jason Spezza in neutral zone.
1:29 of 3rd period - Wrist shot by Oskar Osala.
1:29 of 3rd period - Stopped by Jimmy Howard without a rebound.
1:30 of 3rd period - Brandon Dubinsky wins face-off versus Cody Hodgson in Blackhawks zone.
2:08 of 3rd period - Wrist shot by Oskar Osala.
2:08 of 3rd period - Stopped by Jimmy Howard with a rebound.
2:10 of 3rd period - Snap shot by Ben Lovejoy.
2:10 of 3rd period - Shot Misses the Net.
2:12 of 3rd period - Slapshot by Drew Doughty.
2:12 of 3rd period - Deflect By Brandon Dubinsky.
2:12 of 3rd period - Stopped by Jimmy Howard without a rebound.
2:13 of 3rd period - Jason Spezza wins face-off versus Derick Brassard in Blackhawks zone.
2:14 of 3rd period - Snap shot by Milan Michalek.
2:14 of 3rd period - Deflect By Seth Jones.
2:14 of 3rd period - Stopped by Jimmy Howard with a rebound.
2:20 of 3rd period - Wrist shot by Jason Spezza.
2:20 of 3rd period - Shot Misses the Net.
2:27 of 3rd period - Icing by Antoine Roussel.
2:28 of 3rd period - Derick Brassard wins face-off versus Jason Spezza in Blackhawks zone.
2:54 of 3rd period - Snap shot by Derick Brassard.
2:54 of 3rd period - Shot Misses the Net.
3:28 of 3rd period - Snap shot by T.J. Hensick.
3:28 of 3rd period - Shot Misses the Net.
3:50 of 3rd period - T.J. Hensick is hit by Derick Brassard.
3:58 of 3rd period - Wrist shot by Mike Cammalleri.
3:58 of 3rd period - Stopped by Jimmy Howard without a rebound.
3:59 of 3rd period - Cody Hodgson wins face-off versus Jason Spezza in Blackhawks zone.
4:12 of 3rd period - Slapshot by John Carlson.
4:12 of 3rd period - Shot Misses the Net.
4:40 of 3rd period - Slapshot by Oskar Osala.
4:40 of 3rd period - Stopped by Jimmy Howard with a rebound.
4:57 of 3rd period - Slapshot by Mike Green.
4:57 of 3rd period - Shot Misses the Net.
4:59 of 3rd period - Wrist shot by Brandon Yip.
4:59 of 3rd period - Deflect By Oskar Osala.
4:59 of 3rd period - Stopped by Anders Nilsson with a rebound.
5:01 of 3rd period - Slapshot by Erik Christensen.
5:01 of 3rd period - Shot Misses the Net.
6:51 of 3rd period - Gabriel Bourque is hit by Mike Cammalleri and loses puck.
7:39 of 3rd period - Minor Penalty to Scott Gomez for Cross-checking.
7:40 of 3rd period - T.J. Hensick wins face-off versus Derick Brassard in Blackhawks zone.
7:53 of 3rd period - Snap shot by T.J. Hensick.
7:53 of 3rd period - Goal by T.J. Hensick - Blackhawks : 1 - Sharks : 4.
7:54 of 3rd period - Jason Spezza wins face-off versus Derick Brassard in neutral zone.
8:03 of 3rd period - Slapshot by Drew Doughty.
8:03 of 3rd period - Stopped by Jimmy Howard without a rebound.
8:04 of 3rd period - Derick Brassard wins face-off versus Jason Spezza in Blackhawks zone.
8:04 of 3rd period - Derick Brassard is hit by Milan Michalek.
8:11 of 3rd period - Slapshot by John Carlson.
8:11 of 3rd period - Shot Blocked by Drew Doughty.
8:13 of 3rd period - Slapshot by Rick Nash.
8:13 of 3rd period - Stopped by Anders Nilsson without a rebound.
8:14 of 3rd period - Jason Spezza wins face-off versus Derick Brassard in Sharks zone.
8:21 of 3rd period - Slapshot by Drew Doughty.
8:21 of 3rd period - Shot Blocked by John Carlson.
8:23 of 3rd period - Snap shot by Milan Michalek.
8:23 of 3rd period - Stopped by Jimmy Howard with a rebound.
8:25 of 3rd period - Backhand shot by Jason Spezza.
8:25 of 3rd period - Stopped by Jimmy Howard with a rebound.
8:57 of 3rd period - Cody Hodgson is hit by Mike Cammalleri and loses puck.
8:58 of 3rd period - Cody Hodgson from Blackhawks is injured at 8:58 of 3rd period (Left Leg).
8:59 of 3rd period - Jason Spezza wins face-off versus Derick Brassard in Blackhawks zone.
9:00 of 3rd period - Slapshot by Drew Doughty.
9:00 of 3rd period - Shot Misses the Net.
9:02 of 3rd period - Slapshot by Drew Doughty.
9:02 of 3rd period - Stopped by Jimmy Howard without a rebound.
9:03 of 3rd period - Milan Michalek wins face-off versus Derick Brassard in Blackhawks zone.
9:08 of 3rd period - Snap shot by Milan Michalek.
9:08 of 3rd period - Shot Misses the Net.
9:10 of 3rd period - Slapshot by Drew Doughty.
9:10 of 3rd period - Deflect By Jason Spezza.
9:10 of 3rd period - Stopped by Jimmy Howard with a rebound.
10:40 of 3rd period - Snap shot by Jason Spezza.
10:40 of 3rd period - Stopped by Jimmy Howard without a rebound.
10:41 of 3rd period - Chris Kreider wins face-off versus T.J. Hensick in Blackhawks zone.
10:46 of 3rd period - Slapshot by Justin Falk.
10:46 of 3rd period - Stopped by Anders Nilsson with a rebound.
10:56 of 3rd period - Snap shot by Chris Kreider.
10:56 of 3rd period - Shot Hit the Post.
11:02 of 3rd period - Minor Penalty to Mike Cammalleri for Roughing.
11:03 of 3rd period - Oskar Osala wins face-off versus Nathan Horton in Sharks zone.
11:10 of 3rd period - Slapshot by Zach Boychuk.
11:10 of 3rd period - Shot Blocked by Justin Falk.
11:12 of 3rd period - Slapshot by Dennis Wideman.
11:12 of 3rd period - Deflect By Oskar Osala.
11:12 of 3rd period - Stopped by Jimmy Howard without a rebound.
11:13 of 3rd period - Tomas Fleischmann wins face-off versus Zach Boychuk in Blackhawks zone.
11:32 of 3rd period - Snap shot by Chris Kreider.
11:32 of 3rd period - Goal by Chris Kreider - Blackhawks : 2 - Sharks : 4.
11:33 of 3rd period - Nathan Horton wins face-off versus Jason Spezza in neutral zone.
11:33 of 3rd period - Nathan Horton is hit by Jason Spezza.
11:34 of 3rd period - Nathan Horton from Blackhawks is injured at 11:34 of 3rd period (Left Leg).
11:35 of 3rd period - Tomas Fleischmann wins face-off versus Jason Spezza in neutral zone.
12:09 of 3rd period - Snap shot by Antoine Roussel.
12:09 of 3rd period - Shot Blocked by Dennis Wideman.
12:43 of 3rd period - Minor Penalty to Oskar Osala for Slashing.
12:44 of 3rd period - Jason Spezza wins face-off versus Derick Brassard in Sharks zone.
13:25 of 3rd period - Slapshot by John Carlson.
13:25 of 3rd period - Shot Hit the Post.
13:44 of 3rd period - Icing by Brandon Yip.
13:45 of 3rd period - Derick Brassard wins face-off versus Jason Spezza in Blackhawks zone.
13:54 of 3rd period - Slapshot by Antoine Roussel.
13:54 of 3rd period - Shot Hit the Post.
13:56 of 3rd period - Slapshot by Matthew Spiller.
13:56 of 3rd period - Stopped by Anders Nilsson with a rebound.
13:58 of 3rd period - Snap shot by Justin Falk.
13:58 of 3rd period - Stopped by Anders Nilsson without a rebound.
13:59 of 3rd period - Jason Spezza wins face-off versus Derick Brassard in Sharks zone.
14:14 of 3rd period - Dennis Wideman is hit by Erik Christensen and loses puck.
14:25 of 3rd period - Dennis Wideman is hit by John Carlson and loses puck.
14:43 of 3rd period - Penalty to Oskar Osala is over, Oskar Osala is back on ice.
14:57 of 3rd period - Icing by Andrej Sekera.
14:58 of 3rd period - Scott Gomez wins face-off versus Brandon Dubinsky in Sharks zone.
15:09 of 3rd period - Snap shot by Gabriel Bourque.
15:09 of 3rd period - Stopped by Anders Nilsson without a rebound.
15:10 of 3rd period - Jason Spezza wins face-off versus Erik Christensen in Sharks zone.
15:35 of 3rd period - Snap shot by Brandon Dubinsky.
15:35 of 3rd period - Stopped by Jimmy Howard with a rebound.
16:06 of 3rd period - Tomas Fleischmann is hit by Stefan Ruzicka.
16:29 of 3rd period - Minor Penalty to Chris Kreider for Hooking.
16:30 of 3rd period - Derick Brassard wins face-off versus Jason Spezza in Blackhawks zone.
16:50 of 3rd period - Derick Brassard is hit by Jason Spezza and loses puck.
18:26 of 3rd period - Jason Spezza is hit by Scott Gomez and loses puck.
18:29 of 3rd period - Penalty to Chris Kreider is over, Chris Kreider is back on ice.
18:42 of 3rd period - Tomas Fleischmann is hit by Andrej Sekera.
18:48 of 3rd period - Wrist shot by Martins Karsums.
18:48 of 3rd period - Deflect By Mike Green.
18:48 of 3rd period - Shot Misses the Net.
18:48 of 3rd period - Puck is out of play.
18:49 of 3rd period - Brandon Yip wins face-off versus T.J. Hensick in Blackhawks zone.
18:49 of 3rd period - Brandon Yip is hit by T.J. Hensick.
Goals for this period are 1 for Blackhawks vs 2 for Sharks.
Shots for this period are 7 for Blackhawks vs 16 for Sharks.
Back to the Top